 Dungeon Crawl Stone Soup version 0.32-a0-961-gd60f5e5fc7 (webtiles) character file.

Game seed: 6197376771523870301

627 KennySheep the Apothecary (level 7, -1/38 HPs)
             Began as a Deep Elf Wanderer on Apr 17, 2024.
             Slain by an iguana (11 damage)
             ... on level 5 of the Dungeon.
             The game lasted 00:23:38 (4585 turns).

KennySheep the Apothecary (Deep Elf Wanderer)       Turns: 4585, Time: 00:23:38

Health: -1/38      AC:  3    Str: 13    XL:     7   Next: 23%
Magic:  17/18      EV: 10    Int: 17    God:
Gold:   104        SH:  0    Dex: 12    Spells: 14/19 levels left

rFire   . . .        a - +0 quarterstaff
rCold   . . .        (shield currently unavailable)
rNeg    + . .        h - +0 robe
rPois   .            f - +0 helmet
rElec   .            (no cloak)
rCorr   .            (no gloves)
SInv    .            (no boots)
Will    .....        g - amulet of regeneration
Stlth   +            r - ring of positive energy
HPRegen 1.06/turn    (no ring)
MPRegen 0.16/turn

%: no passive effects
@: no status effects
A: no striking features
a: no special abilities


You were on level 5 of the Dungeon.
You visited 1 branch of the dungeon, and saw 5 of its levels.

You collected 362 gold pieces.
You spent 258 gold pieces at shops.

Inventory:

Hand Weapons
 a - a +0 quarterstaff (weapon)
 q - a +2 spectral club
Armour
 b - a +0 ring mail
 f - a +0 helmet (worn)
 h - a +0 robe (worn)
 k - an orb of energy
 x - a +0 tower shield
Jewellery
 c - a ring of fire
 g - an amulet of regeneration (around neck)
 r - a ring of positive energy (left hand)
Wands
 p - a wand of flame (42)
 t - a wand of mindburst (16)
Scrolls
 d - a scroll of teleportation
 e - 2 scrolls of noise
 j - a scroll of silence
 n - a scroll of brand weapon
 s - 2 scrolls of amnesia
 u - a scroll of fog
 v - a scroll of immolation
 w - a scroll of enchant weapon
 y - a scroll of enchant armour {unknown}
 z - a scroll of vulnerability {unknown}
Potions
 i - a potion of ambrosia
 l - a potion of enlightenment
 m - a potion of cancellation
 o - a potion of heal wounds
 A - a potion of degeneration {unknown}


   Skills:
 - Level 1.0 Fighting
 - Level 1.0 Staves
 - Level 1.0 Armour
 + Level 6.6 Spellcasting
 * Level 7.8 Alchemy
 - Level 1.0 Invocations
 - Level 1.1 Evocations


You had 14 spell levels left.
You knew the following spells:

 Your Spells              Type           Power      Damage    Failure   Level
a - Sting                 Conj/Alch      72%        1d7       2%          1
b - Olgreb's Toxic Radia  Alch           32%        N/A       4%          4

Your spell library contained the following spells:

 Spells                   Type           Power      Damage    Failure   Level
 Mephitic Cloud           Conj/Alch/Air  14%        N/A       12%         3
 Petrify                  Alch/Erth      18%        N/A       24%         4
 Irradiate                Conj/Alch      9%         3d14      56%         5
 Fulsome Fusillade        Conj/Alch      9%         (3-5)d6   100%        8


Dungeon Overview and Level Annotations

Branches:
Dungeon (5/15)
 Temple: D:4-7

Altars:
Hepliaklqana
Nemelex Xobeh
Okawaru
Ru

Shops:
D:1 :   D:4 ?

Annotations:
D:3 1 runed translucent door, Crazy Yiuf


Message History

There is a stone staircase leading up here.
You hit the iguana.
The iguana is moderately wounded.
The iguana misses you.
You hit the iguana.
The iguana is heavily wounded.
The iguana closely misses you.
You barely miss the iguana.
The iguana is heavily wounded.
The iguana bites you.
You closely miss the iguana.
The iguana is heavily wounded.
The iguana bites you. The iguana barely misses you.
You hit the iguana.
The iguana is heavily wounded.
The iguana bites you.
You hit the iguana.
The iguana is almost dead.
The iguana bites you.
You hit the iguana but do no damage.
The iguana is almost dead.
The iguana misses you.
You hit the iguana but do no damage.
The iguana is almost dead.
The iguana bites you! x2
* * * LOW HITPOINT WARNING * * *
You closely miss the iguana.
The iguana is almost dead.
The iguana bites you.
* * * LOW HITPOINT WARNING * * *
Casting: Sting (safe; 2% risk of failure)
Confirm with . or Enter, or press ? or * to list all spells.
Aiming: Sting (safe; 2% risk of failure)
Press: ? - help, Shift-Dir - straight line, f - iguana
Aim: an iguana (almost dead, 77% to hit)
The sting hits the iguana but does no damage.
The iguana is poisoned.
The iguana is almost dead.
The iguana bites you!
You die...

######
#....#..#
#@.......
#.l....$.
+........
#...###..
#...# .
.....
.....#
.....#


You could see an iguana (poisoned).

Vanquished Creatures
  Sigmund (D:2)
  A bombardier beetle (D:4)
  A gnoll bouda (D:4)
  3 hounds (D:4)
  Jessica (D:3)
  An orc wizard (D:4)
  Ijyb (D:3)
  Natasha (twice) (D:2)
  A hound zombie (D:2)
  3 gnolls (D:4)
  5 adders
  3 dart slugs
  A ribbon worm (D:4)
  10 orcs
  A bat skeleton (D:2)
  A bat zombie (D:2)
  6 endoplasms
  3 giant cockroaches
  7 goblins
  9 hobgoblins
  2 jackals (D:3)
  3 quokkas
  8 ball pythons
  A ball python skeleton (D:2)
  7 bats
  4 frilled lizards
  7 kobolds
  A quokka skeleton (D:2)
  4 rats (D:1)
98 creatures vanquished.

Notes
Turn   | Place    | Note
-------+----------+-------------------------------------------
     0 | D:1      | KennySheep the Deep Elf Wanderer began the quest for the
                  | Orb.
     0 | D:1      | KennySheep set off with the following items: a +0
                  | quarterstaff, a +0 ring mail, a potion of berserk rage; and
                  | the following spell memorised: Sting; and the following
                  | spells available to memorise: Mephitic Cloud, Olgreb's
                  | Toxic Radiance.
     0 | D:1      | Reached XP level 1. HP: 12/12 MP: 6/6
   375 | D:1      | Reached XP level 2. HP: 16/16 MP: 8/8
   734 | D:1      | Found Juinuer's Book Shoppe.
   763 | D:1      | Reached skill level 4 in Alchemy
  1200 | D:2      | Noticed Natasha
  1205 | D:2      | Killed Natasha
  1206 | D:2      | Reached XP level 3. HP: 15/20 MP: 3/10
  1353 | D:2      | Identified the +1 battleaxe of Icvymaf {venom, rPois}
  1421 | D:2      | Noticed Sigmund
  1432 | D:2      | Killed Sigmund
  1433 | D:2      | Reached skill level 5 in Spellcasting
  1433 | D:2      | Reached skill level 6 in Alchemy
  1433 | D:2      | Reached XP level 4. HP: 25/25 MP: 11/13
  1433 | D:2      | Reached XP level 5. HP: 29/29 MP: 11/14
  1673 | D:2      | Noticed Natasha
  1681 | D:2      | Killed Natasha
  1901 | D:2      | Reached XP level 6. HP: 34/34 MP: 16/16
  2006 | D:3      | Found a runed translucent door.
  2007 | D:3      | Noticed Crazy Yiuf
  2129 | D:3      | Learned a level 4 spell: Olgreb's Toxic Radiance
  2541 | D:3      | Noticed Ijyb
  2633 | D:3      | Killed Ijyb
  2708 | D:3      | Noticed Jessica
  2713 | D:3      | Killed Jessica
  3298 | D:4      | Reached skill level 7 in Alchemy
  3545 | D:4      | Reached XP level 7. HP: 27/38 MP: 2/18
  3662 | D:4      | Found Kuucuh's Magic Scroll Shoppe.
  3673 | D:4      | Bought a scroll of fog for 44 gold pieces
  3673 | D:4      | Bought a scroll of amnesia for 44 gold pieces
  3673 | D:4      | Bought a scroll of immolation for 44 gold pieces
  3673 | D:4      | Bought a scroll of identify for 22 gold pieces
  3673 | D:4      | Bought a scroll of enchant weapon for 82 gold pieces
  3675 | D:4      | Bought a scroll of identify for 22 gold pieces
  3964 | D:4      | Found an iron altar of Okawaru.
  3967 | D:4      | Found a sacrificial altar of Ru.
  3970 | D:4      | Found a hazy altar of Hepliaklqana.
  3974 | D:4      | Found a sparkling altar of Nemelex Xobeh.
  4575 | D:5      | Entered Level 5 of the Dungeon
  4585 | D:5      | Slain by an iguana

Illustrated notes

Levels and vault maps discovered:
D:1:      scummos_arrival_gate, layout_basic, serial_shops, shop,
          nicolae_hexahallways
D:2:      layout_rooms, serial_undead, serial_undead_b, serial_undead_a,
          serial_undead_f, serial_undead_b, chequers_serial_rivers_room_a,
          uniq_natasha, uniq_sigmund
D:3:      layout_basic, uniq_jessica, uniq_crazy_yiuf_cottage, uniq_ijyb
D:4:      layout_cave_pods, grunt_temple_overflow_cloverleaf, serial_shops,
          nicolae_shop_hallway_plus
D:5:      layout_gridville, kennysheep_little_box,
          mainiacjoe_overflow_surrounded_room, nicolae_vehumet_altar_sigil,
          serial_shops, kennysheep_mini

Skill      XL: |  1  2  3  4  5  6 |
---------------+-------------------+-----
Alchemy        | 4 6 7 |  7.8
Spellcasting   | 4 5 6 |  6.6
Fighting       | |  1.0
Staves         | |  1.0
Armour         | |  1.0
Invocations    | |  1.0
Evocations     | |  1.1

Action                     |  1- 3 |  4- 6 |  7- 9 || total
---------------------------+-------+-------+-------++-------
  Melee: Quarterstaff      |    77 |    95 |    43 ||   215
   Cast: Sting             |    26 |    99 |    22 ||   147
         Olgreb's Toxic Ra |       |     3 |       ||     3
    Use: Potion            |     1 |     3 |     1 ||     5
         Scroll            |       |     1 |     4 ||     5
 Armour: Ring mail         |    79 |       |       ||    79
         Robe              |    23 |   100 |    42 ||   165
  Dodge: Dodged            |    69 |    97 |    32 ||   198

Table legend: (Time is in decaauts)
 A = Elapsed time spent in this place.
 B = Non-inter-level travel time spent in this place.
 C = Inter-level travel time spent in this place.
 D = Time resting spent in this place.
 E = Time spent auto-exploring this place.
 F = Levels seen in this place.
 G = Mean time per level.
                   A        B        C        D        E       F      G
               +--------+--------+--------+--------+--------+-----+--------+
         Total |   4644 |   4357 |    287 |    535 |   2768 |   5 |  928.8 |
       Dungeon |   4644 |   4357 |    287 |    535 |   2768 |   5 |  928.8 |
               +--------+--------+--------+--------+--------+-----+--------+

Top non-repeatable levels by time:
     D:4: 1365 daAuts
     D:1: 1280 daAuts
     D:3: 1229 daAuts
     D:2: 756 daAuts
     D:5: 11 daAuts
